 Dungeon Crawl Stone Soup version 0.18.1-8-gdd0e5ea (webtiles) character file.

1705 Implojin the Fighter (level 8, -9/68 HPs)
             Began as a Mummy Monk on May 22, 2016.
             Shot with a sling bullet by Joseph (14 damage)
             ... on level 7 of the Dungeon.
             The game lasted 00:15:27 (9043 turns).

Implojin the Fighter (Mummy Monk)                   Turns: 9043, Time: 00:15:28

Health: -9/68      AC:  4    Str: 14    XL:     8   Next: 73%
Magic:  8/8        EV: 13    Int: 11    God:
Gold:   219        SH:  0    Dex: 17    Spells: 0 memorised, 7 levels left

rFire  x . .     SeeInvis .       - Unarmed
rCold  + . .     Gourm    .     (no armour)
rNeg   + + +     Faith    .     (no shield)
rPois  ∞         Spirit   .     (no helmet)
rElec  .         Dismiss  .     q - +0 cloak
rCorr  +         Reflect  .     e - +2 pair of gloves
SustAt .         Harm     .     (no boots)
MR     +....                    (no amulet)
Stlth  ++........               o - +2 ring of intelligence
                                d - ring of resist corrosion

@: somewhat resistant to hostile enchantments, unstealthy
A: no food or potions, fire vulnerability, cold resistance 1, negative energy
resistance 3, torment resistance, unbreathing
a: no special abilities


You were on level 7 of the Dungeon.
You were not hungry.

You visited 1 branch of the dungeon, and saw 7 of its levels.

You collected 219 gold pieces.

Inventory:

Armour
 e - a +2 pair of gloves (worn)
 q - a +0 cloak (worn)
Jewellery
 d - a ring of resist corrosion (left hand)
 j - an uncursed amulet of the gourmand {unknown}
 n - an uncursed ring of teleportation
 o - a +2 ring of intelligence (right hand)
Wands
 g - a wand of disintegration (6/24)
 h - a wand of acid (12/15)
Scrolls
 a - 3 scrolls of teleportation
 b - 4 scrolls of remove curse
 c - 2 scrolls of identify {unknown}
 f - 2 scrolls of enchant armour {unknown}
 i - 2 scrolls of fog {unknown}
 k - 2 scrolls of fear {unknown}
 m - a scroll of random uselessness {unknown}
 p - a scroll of recharging {unknown}
 r - a scroll of noise {unknown}
 s - a scroll of blinking {unknown}
 t - a scroll of magic mapping {unknown}
Books
 l - a book of the Dragon

   Spells                             Type                      Level
   a - Flame Tongue                   Conjuration/Fire             1
   b - Cause Fear                     Hexes                        4
   c - Bolt of Fire                   Conjuration/Fire             6
   d - Dragon Form                    Transmutation                7
   e - Dragon's Call                  Summoning                    9


   Skills:
 - Level 8.1 Fighting
 - Level 2.4 Dodging
 - Level 1.5 Stealth
 * Level 7.7 Unarmed Combat


You had 7 spell levels left.
You didn't know any spells.

Dungeon Overview and Level Annotations

Branches:
Dungeon (7/15)             Temple (0/1) D:5

Altars:
Pakellas
Qazlal
Sif Muna

Shops:
D:7 %

Annotations:
D:2 Sigmund
D:4 exclusion: door
D:7 Joseph


Innate Abilities, Weirdness & Mutations

You do not eat or drink.
Your flesh is vulnerable to fire.
You are immune to poison.
Your flesh is cold resistant.
You are immune to negative energy.
You are immune to unholy pain and torment.
You can survive without breathing.


Message History

You now have 208 gold pieces (gained 12).
You now have 219 gold pieces (gained 11).
A giant frog comes into view.
The helpless giant frog fails to defend itself.
You punch the giant frog!
The giant frog is severely wounded.
The giant frog hits you. The giant frog closely misses you.
You punch the giant frog!
You kill the giant frog!
Joseph, a Mercenary comes into view.
He is wielding a quarterstaff of protection.
You start resting.
HP restored.
Found a bread ration.
The helpless Joseph fails to defend himself.
You punch Joseph!
Joseph is lightly wounded.
Joseph smiles happily.
Joseph hits you with a quarterstaff of protection!
You punch Joseph!
Joseph is moderately wounded.
Joseph hits you with a quarterstaff of protection!
You punch Joseph!
Joseph is heavily wounded.
Joseph says, "I'm happy to see you. And I'll be happy to kill you."
Joseph hits you with a quarterstaff of protection!
* * * LOW HITPOINT WARNING * * *
Joseph unwields an uncursed quarterstaff of protection.
Joseph wields a glowing hunting sling.
It is covered in frost.
Joseph shoots a sling bullet.
The sling bullet hits you!
* * * LOW HITPOINT WARNING * * *
The sling bullet freezes you.
* * * LOW HITPOINT WARNING * * *
You see here a sling bullet.
Joseph shoots a sling bullet.
The sling bullet hits you!
* * * LOW HITPOINT WARNING * * *
The sling bullet freezes you.
* * * LOW HITPOINT WARNING * * *
You see here a sling bullet.
Joseph shoots a sling bullet.
The sling bullet hits you!
You die...

################
##.......#......#
..........#.####.#
.#######..#.####.#
#.
#.......#.######
#.#
#..#.##.@......##
..#
#..#.####(......#
..#
#..#......(###..#
..# #.########.#
...# ..#######.#
#.# .#.#
..........######
#@##.#.##
...##..#.#.....#
#.......#
...#...#.#.....#
#.##.##.#
.>...#.........#
#.# .# .#


You could see Joseph.

Vanquished Creatures
  2 ogres
  A centaur (D:7)
  4 giant frogs
  2 scorpions
  3 howler monkeys
  5 crimson imps
  A centaur zombie (D:6)
  4 hounds
  2 jellies
  4 orc priests
  Crazy Yiuf (D:5)
  3 orc wizards
  2 giant frog skeletons
  A worker ant (D:4)
  2 iguanas
  A hound skeleton (D:6)
  A worker ant zombie (D:7)
  10 adders
  A howler monkey skeleton (D:5)
  2 oozes
  A worm (D:4)
  A dart slug (D:3)
  4 giant geckos
  24 orcs
  2 ball pythons
  4 giant cockroaches
  6 goblins
  6 hobgoblins
  5 jackals
  2 quokkas
  7 bats
  2 giant newts
  6 kobolds
  2 quokka skeletons
  2 rats
126 creatures vanquished.

Notes
Turn   | Place    | Note
--------------------------------------------------------------
     0 | D:1      | Implojin the Mummy Monk began the quest for the Orb.
     0 | D:1      | Reached XP level 1. HP: 18/18 MP: 1/1
   590 | D:1      | Reached XP level 2. HP: 21/24 MP: 2/2
  1208 | D:2      | Noticed Sigmund
  1416 | D:2      | Reached skill level 4 in Unarmed Combat
  1416 | D:2      | Reached XP level 3. HP: 5/29 MP: 3/3
  1993 | D:2      | Found an oddly glowing altar of Pakellas.
  2417 | D:3      | Reached XP level 4. HP: 31/35 MP: 4/4
  3024 | D:2      | Reached skill level 5 in Unarmed Combat
  3317 | D:3      | Reached XP level 5. HP: 41/41 MP: 5/5
  3982 | D:4      | Reached skill level 6 in Unarmed Combat
  4148 | D:4      | Reached XP level 6. HP: 42/47 MP: 6/6
  4233 | D:4      | Found a deep blue altar of Sif Muna.
  4699 | D:5      | Entered Level 5 of the Dungeon
  4743 | D:5      | Reached skill level 4 in Fighting
  5213 | D:5      | Reached skill level 5 in Fighting
  5290 | D:4      | Reached XP level 7. HP: 47/56 MP: 7/7
  5697 | D:5      | Noticed Crazy Yiuf
  5708 | D:5      | Killed Crazy Yiuf
  5975 | D:5      | Reached skill level 6 in Fighting
  6558 | D:4      | Reached skill level 7 in Fighting
  6972 | D:5      | Found a staircase to the Ecumenical Temple.
  7090 | D:5      | Reached XP level 8. HP: 61/67 MP: 8/8
  7498 | D:6      | Reached skill level 8 in Fighting
  7624 | D:6      | Found a stormy altar of Qazlal.
  8199 | D:7      | Reached skill level 7 in Unarmed Combat
  8970 | D:7      | Found Doseihud's Food Shoppe.
  9015 | D:7      | Noticed Joseph
  9043 | D:7      | Shot with a sling bullet by Joseph

Skill      XL: |  1  2  3  4  5  6  7  8 |
---------------+-------------------------+-----
Unarmed Combat | 4 5 6 7 |  7.7
Fighting       | 5 7 8 |  8.1
Dodging        | |  2.4
Stealth        | |  1.5

Action                   |  1- 3 |  4- 6 |  7- 9 || total
-------------------------+-------+-------+-------++-------
Melee: Unarmed           |   117 |   211 |   330 ||   658
       Punch             |     2 |     5 |    12 ||    19
  Use: Scroll            |     1 |     1 |     1 ||     3
 Stab: Sleeping          |     5 |     6 |     5 ||    16
Armor: Skin              |     6 |    29 |    66 ||   101
Dodge: Dodged            |    88 |   109 |   186 ||   383

Table legend:
 A = Turns spent in this place as a percentage of turns spent in the entire game.
 B = Non-inter-level travel turns spent in this place as a percentage of non-inter-level travel turns spent in the entire game.
 C = Inter-level travel turns spent in this place as a percentage of turns spent in this place.
 D = Turns resting spent in this place as a percentage of non-inter-level travel turns spent in this place.
 E = Turns spent auto-exploring this place as a percentage of non-inter-level travel turns spent in this place.
 F = Non-inter-level travel turns spent in this place divided by the number of levels of this place that you've seen.
                   A       B       C       D       E      F
               +-------+-------+-------+-------+-------+----------------------
         Total | 100.0 | 100.0 |   0.4 |   5.5 |   6.2 | 335.9
       Dungeon | 100.0 | 100.0 |   0.4 |   5.5 |   6.2 | 335.9
               +-------+-------+-------+-------+-------+----------------------

Table legend:
 A = Kills in this place as a percentage of kills in entire the game.
 B = Kills by you in this place as a percentage of kills by you in the entire game.
 C = Kills by friends in this place as a percentage of kills by friends in the entire game.
 D = Other kills in this place as a percentage of other kills in the entire game.
 E = Experience gained in this place as a percentage of experience gained in the entire game.
 F = Experience gained in this place divided by the number of levels of this place that you have seen.
                   A       B       C       D       E      F
               +-------+-------+-------+-------+-------+----------------------
         Total | 100.0 | 100.0 |  -nan |  -nan | 100.0 | 348.1
       Dungeon | 100.0 | 100.0 |  -nan |  -nan | 100.0 | 348.1
               +-------+-------+-------+-------+-------+----------------------
